 Dungeon Crawl Stone Soup version 0.22.1-2-g9c5b331383 (webtiles) character file.

377 Marnok the Skirmisher (level 7, 0/55 HPs)
             Began as a Human Fighter on Dec 23, 2018.
             Slain by an ogre
             ... wielding a +0 giant club
              (15 damage)
             ... on level 4 of the Dungeon.
             The game lasted 00:13:46 (2991 turns).

Marnok the Skirmisher (Human Fighter)               Turns: 2991, Time: 00:13:47

Health: 0/55       AC:  7    Str: 22    XL:     7   Next: 4%
Magic:  16/16      EV:  8    Int:  8    God:
Gold:   66         SH: 10    Dex: 14    Spells: 6/6 levels left

rFire    . . .     SeeInvis .   a - +0 long sword
rCold    . . .     Gourm    .   c - +0 shield
rNeg     . . .     Faith    .   b - +0 scale mail
rPois    .         Spirit   .   (no helmet)
rElec    .         Reflect  .   (no cloak)
rCorr    .         Harm     .   (no gloves)
MR       .....                  (no boots)
Stlth    ..........             i - amulet of the acrobat
HPRegen  0.18/turn              k - ring of magical power
MPRegen  0.15/turn              (no ring)

@: mighty
A: no striking features
a: no special abilities


You were on level 4 of the Dungeon.
You were not hungry.

You visited 1 branch of the dungeon, and saw 5 of its levels.

You collected 66 gold pieces.

Inventory:

Hand Weapons
 a - a +0 long sword (weapon)
 q - a +0 long sword
Armour
 b - a +0 scale mail (worn)
 c - a +0 shield (worn)
Jewellery
 i - an amulet of the acrobat (around neck)
 k - a ring of magical power (left hand)
 l - a +2 ring of intelligence {unknown}
Wands
 o - a wand of paralysis (13)
Scrolls
 e - 2 scrolls of identify
 g - 2 scrolls of fog
 j - a scroll of amnesia
Potions
 h - a potion of lignification
 p - a potion of agility {unknown}
 r - a potion of curing
Comestibles
 f - 3 rations


   Skills:
 + Level 4.5 Fighting
 + Level 4.3 Long Blades
 + Level 3.8 Armour
 + Level 1.4 Dodging
 + Level 0.2 Stealth
 + Level 3.9 Shields


You had 6 spell levels left.
You didn't know any spells.
Your spell library was empty.

Dungeon Overview and Level Annotations

Branches:
Dungeon (5/15)
 Temple: D:4-7

Altars:
Ashenzari
Gozag
Makhleb
Nemelex Xobeh
Qazlal
The Shining One


Message History

You hit the ogre.
The ogre is moderately wounded.
You block the ogre's attack.
You hit the ogre.
The ogre is heavily wounded.
The ogre hits you with a giant club!
You feel much better. The ogre hits you with a giant club!
You feel very mighty all of a sudden. The ogre hits you with a giant club.
You barely miss the ogre.
The ogre is heavily wounded.
The ogre hits you with a giant club!
* * * LOW HITPOINT WARNING * * *
You slash the ogre!
The ogre is severely wounded.
You block the ogre's attack.
You completely miss the ogre.
The ogre is severely wounded.
The ogre hits you with a giant club!
You die...

## ##.##
.?. ..
.... ...
#####.##.#
...
.........<
#.#
.#####.##.
#.. #. #.
#.# ## ##
.8<####O#
.......@#
$########


You could see an ogre.

Vanquished Creatures
  Sigmund (D:3)
  An orc priest (D:3)
  5 adders
  3 gnolls (D:2)
  3 oozes (D:3)
  3 worms
  3 dart slugs
  4 leopard geckos
  9 orcs (D:3)
  6 giant cockroaches
  8 goblins
  10 hobgoblins
  7 jackals
  8 kobolds
  A quokka (D:2)
  11 bats
  3 frilled lizards (D:1)
  2 rats
88 creatures vanquished.

Notes
Turn   | Place    | Note
-------+----------+-------------------------------------------
     0 | D:1      | Marnok the Human Fighter began the quest for the Orb.
     0 | D:1      | Reached XP level 1. HP: 18/18 MP: 1/1
    97 | D:1      | Reached XP level 2. HP: 24/24 MP: 2/2
   341 | D:1      | Reached XP level 3. HP: 28/29 MP: 3/3
   891 | D:2      | Reached XP level 4. HP: 20/36 MP: 4/4
  1362 | D:2      | Reached XP level 5. HP: 27/42 MP: 5/5
  1860 | D:2      | Found a stormy altar of Qazlal.
  1918 | D:2      | Found an opulent altar of Gozag.
  1918 | D:2      | Found a glowing golden altar of the Shining One.
  1919 | D:2      | Found a shattered altar of Ashenzari.
  2176 | D:3      | Found a burning altar of Makhleb.
  2188 | D:3      | Noticed Sigmund
  2193 | D:3      | Reached skill level 1 in Dodging
  2193 | D:3      | Reached XP level 6. HP: 29/49 MP: 6/6
  2210 | D:3      | Killed Sigmund
  2717 | D:3      | Reached XP level 7. HP: 53/55 MP: 7/7
  2721 | D:3      | Found a faded altar of an unknown god.
  2938 | D:3      | Found a sparkling altar of Nemelex Xobeh.
  2946 | D:5      | Entered Level 5 of the Dungeon
  2991 | D:4      | Slain by an ogre

Skill      XL: |  1  2  3  4  5  6 |
---------------+-------------------+-----
Fighting       | 4 |  4.5
Long Blades    | 3 4 |  4.3
Dodging        | 1 |  1.4
Armour         | |  3.8
Stealth        | |  0.2
Shields        | |  3.9

Action                   |  1- 3 |  4- 6 |  7- 9 || total
-------------------------+-------+-------+-------++-------
Melee: Long sword        |    96 |   167 |    26 ||   289
  Use: Potion            |       |     5 |     2 ||     7
       Scroll            |       |     2 |       ||     2
  Eat: Chunk             |       |     5 |       ||     5
       Ration            |       |     1 |       ||     1
Armor: Scale mail        |    44 |    56 |     7 ||   107
       Skin              |       |    19 |       ||    19
Dodge: Dodged            |    24 |    62 |     5 ||    91
Block: Shield            |    51 |   106 |    15 ||   172
       Rpst.: Long sword |    12 |    25 |     2 ||    39
